 Seeded DCSS version 0.29-a0-925-g0a7a3d12f8 (webtiles) character file.

Game seed: 1973 (custom seed)

443 Kazon the Chopper (level 7, -13/61 HPs)
             Began as a Hill Orc Fighter on July 28, 2022.
             Was a Follower of Beogh.
             Mangled by an ogre
             ... wielding a +0 giant spiked club
              (30 damage)
             ... on level 4 of the Dungeon.
             The game lasted 00:11:12 (3012 turns).

Kazon the Chopper (Hill Orc Fighter)                Turns: 3012, Time: 00:11:13

Health: -13/61     AC:  7    Str: 21    XL:     7   Next: 2%
Magic:  9/9        EV: 10    Int:  8    God:    Beogh [*.....]
Gold:   113        SH:  4    Dex: 10    Spells: 6/6 levels left

rFire   . . .      SeeInvis +   n - +0 broad axe (vorpal)
rCold   . . .      Faith    .   c - +0 buckler
rNeg    . . .      Spirit   .   y - +0 troll leather armour {Pargi}
rPois   .          Reflect  .   (no helmet)
rElec   .          Harm     .   z - +0 cloak
rCorr   +          Rampage  .   (no gloves)
Will    .....                   C - +0 pair of boots
Stlth   +.........              t - amulet of magic regeneration
HPRegen 1.00/turn               k - ring of see invisible
MPRegen 0.51/turn               w - ring of resist corrosion

@: no status effects
A: no striking features
a: Renounce Religion


You were on level 4 of the Dungeon.
You worshipped Beogh.
Beogh was aware of your devotion.
You visited 1 branch of the dungeon, and saw 4 of its levels.

You collected 209 gold pieces.
You spent 96 gold pieces at shops.

Inventory:

Hand Weapons
 a - a +0 war axe
 n - a +0 vorpal broad axe (weapon)
Missiles
 h - a throwing net
 i - 7 stones (quivered)
 u - 2 poisoned darts
Armour
 b - a +0 scale mail
 c - a +0 buckler (worn)
 y - a +0 troll leather armour (worn) {Pargi}
 z - a +0 cloak (worn)
 C - a +0 pair of boots (worn)
 D - a scarf of harm
Jewellery
 k - a ring of see invisible (left hand)
 m - a ring of ice
 t - an amulet of magic regeneration (around neck)
 w - a ring of resist corrosion (right hand)
Wands
 q - a wand of digging (5)
 B - a wand of iceblast (12)
Scrolls
 f - 3 scrolls of identify {unknown}
 l - a scroll of magic mapping {unknown}
 p - a scroll of amnesia {unknown}
 r - a scroll of acquirement {unknown}
 x - 2 scrolls of teleportation {unknown}
 E - a scroll of torment {unknown}
Potions
 d - a potion of might
 e - a potion of magic {unknown}
 g - 4 potions of curing {unknown}
 j - a potion of mutation {unknown}
 o - 2 potions of brilliance {unknown}
 s - a potion of lignification {unknown}
 v - 2 potions of resistance {unknown}
 A - a potion of haste {unknown}


   Skills:
 * Level 5.1 Fighting
 + Level 6.3 Axes
 + Level 4.2 Armour
 + Level 0.4 Dodging
 + Level 3.8 Shields
 * Level 3.1 Invocations
 * Level 1.5 Evocations


You had 6 spell levels left.
You didn't know any spells.
Your spell library was empty.

Dungeon Overview and Level Annotations

Branches:
Dungeon (4/15)             Temple (0/1) D:4

Altars:
Vehumet

Shops:
D:2 *


Message History

Aim: an ogre, wielding a +0 giant spiked club (73% to hit)
You throw a stone.
The stone hits the ogre but does no damage.
Unknown command.
Throw: 8 stones
Press: ? - help, Q - select action, (/) - cycle Shift-Dir - straight line, f/p - ogre
Aim: an ogre, wielding a +0 giant spiked club (73% to hit)
You throw a stone. The stone hits the ogre.
The ogre is lightly wounded.
Unknown command.
You hit the ogre but do no damage.
The ogre is lightly wounded.
The ogre hits you with a +0 giant spiked club!!
You hit the ogre.
The ogre is lightly wounded.
You block the ogre's attack.
You hit the ogre.
The ogre is heavily wounded.
You block the ogre's attack.
You hit the ogre.
The ogre is severely wounded.
The ogre hits you with a +0 giant spiked club!!
You barely miss the ogre.
The ogre is heavily wounded.
The ogre hits you with a +0 giant spiked club!!
* * * LOW HITPOINT WARNING * * *
You hit the ogre.
The ogre is almost dead.
You completely miss the ogre.
The ogre is almost dead.
You block the ogre's attack. The ogre attacks as you move away!
The ogre closely misses you. The ogre attacks as you move away!
The ogre misses you.
There is a stone staircase leading down here.
There is an open door here.
The ogre barely misses you.
You barely miss the ogre.
The ogre is almost dead.
The ogre hits you with a +0 giant spiked club!!
You die...

#######.# # #.##########
#######..........#
....##...........#
.................#
..†.##...........#
#.#..............#
#<.....#.#######.#
#.#.####.# #@# #.#... #.#
#O# #.####.#. #.# #.# #
#.#
#.####.#>#######'#########
.†..............>........#
..####.#[#####..........[#
....# # #...........#
....# #...........#


You could see an ogre.

Vanquished Creatures
  Menkaure (D:4)
  Pargi (D:3)
  Ijyb (D:3)
  Terence (D:3)
  6 adders
  4 gnolls
  2 worms
  2 dart slugs
  6 orcs
  2 endoplasms
  7 giant cockroaches
  2 hobgoblins
  10 jackals
  A quokka (D:2)
  8 ball pythons
  6 bats
  7 frilled lizards
  4 goblins
  7 kobolds
  5 rats
83 creatures vanquished.

Vanquished Creatures (others)
  36 plants (D:3)
36 creatures vanquished.

Grand Total: 119 creatures vanquished

Notes
Turn   | Place    | Note
-------+----------+-------------------------------------------
     0 | D:1      | Kazon the Hill Orc Fighter began the quest for the Orb.
     0 | D:1      | Reached XP level 1. HP: 19/19 MP: 1/1
   100 | D:1      | Reached XP level 2. HP: 22/27 MP: 2/2
   171 | D:1      | Reached skill level 3 in Axes
   389 | D:1      | Reached XP level 3. HP: 27/33 MP: 3/3
   739 | D:2      | Reached skill level 4 in Axes
   817 | D:2      | Reached XP level 4. HP: 14/40 MP: 4/4
  1098 | D:2      | Found a faded altar of an unknown god.
  1315 | D:2      | Found Gaku's General Store.
  1323 | D:2      | Bought a +0 vorpal broad axe for 96 gold pieces
  1721 | D:3      | Noticed Ijyb
  1735 | D:3      | Killed Ijyb
  1789 | D:3      | Became a worshipper of Beogh the Brigand
  1843 | D:3      | Reached XP level 5. HP: 47/47 MP: 5/5
  1979 | D:3      | Noticed Terence
  1990 | D:3      | Killed Terence
  1991 | D:3      | Reached skill level 5 in Axes
  2031 | D:3      | Reached skill level 1 in Invocations
  2400 | D:3      | Noticed Pargi
  2423 | D:3      | Killed Pargi
  2424 | D:3      | Reached skill level 1 in Evocations
  2424 | D:3      | Reached XP level 6. HP: 31/55 MP: 5/8
  2664 | D:4      | Noticed Menkaure
  2675 | D:4      | Killed Menkaure
  2676 | D:4      | Reached skill level 5 in Fighting
  2676 | D:4      | Reached skill level 6 in Axes
  2677 | D:4      | Found a staircase to the Ecumenical Temple.
  2744 | D:4      | Found a radiant altar of Vehumet.
  2795 | D:4      | Reached XP level 7. HP: 57/61 MP: 9/9
  2818 | D:4      | Reached * piety under Beogh
  2998 | D:4      | HP: 3/61 [ogre/+0 giant spiked club (22)]
  3012 | D:4      | Mangled by an ogre

Illustrated notes

Levels and vault maps discovered:
D:1:      dpeg_arrival_tiny_f, layout_basic
D:2:      layout_loops_ring, dreamdust_ecumenical_altar_angels_and_demons,
          serial_shops, shop
D:3:      layout_basic, chequers_serial_rivers_marsh, serial_bayou_lagoon_a,
          uniq_ijyb, uniq_pargi, uniq_terence
D:4:      layout_basic, nicolae_vehumet_altar_sigil, temple_hall, uniq_menkaure

Skill      XL: |  1  2  3  4  5  6 |
---------------+-------------------+-----
Axes           | 3 4 5 6 |  6.3
Fighting       | 4 5 |  5.1
Invocations    | 2 3 |  3.1
Armour         | 4 |  4.2
Evocations     | 1 |  1.5
Dodging        | |  0.4
Shields        | |  3.8

Action                   |  1- 3 |  4- 6 |  7- 9 || total
-------------------------+-------+-------+-------++-------
Melee: War axe           |    93 |    24 |       ||   117
       Broad axe         |       |   119 |    26 ||   145
Throw: Stone             |     7 |       |     4 ||    11
       Throwing net      |       |     2 |       ||     2
       Dart              |       |     3 |       ||     3
Invok: Convert to Beogh  |       |     1 |       ||     1
Armor: Scale mail        |    31 |    74 |       ||   105
       Troll leather arm |       |     6 |     8 ||    14
Dodge: Dodged            |    43 |    90 |     7 ||   140
Block: Buckler           |    24 |    33 |    12 ||    69

Table legend: (Time is in decaauts)
 A = Elapsed time spent in this place.
 B = Non-inter-level travel time spent in this place.
 C = Inter-level travel time spent in this place.
 D = Time resting spent in this place.
 E = Time spent auto-exploring this place.
 F = Levels seen in this place.
 G = Mean time per level.
                   A        B        C        D        E       F      G
               +--------+--------+--------+--------+--------+-----+--------+
         Total |   3121 |   2946 |    175 |      0 |   1201 |   4 |  780.2 |
       Dungeon |   3121 |   2946 |    175 |      0 |   1201 |   4 |  780.2 |
               +--------+--------+--------+--------+--------+-----+--------+

Top non-repeatable levels by time:
     D:2: 1046 daAuts
     D:3: 778 daAuts
     D:1: 750 daAuts
     D:4: 546 daAuts
